Map: Thunderbird LE

Players

pHARM - Winner!

  • Race: Zerg Zerg
  • League: Platinum
  • Spawn Location: 5:00

HOSTILITY

  • Race: Terran Terran
  • League: Platinum
  • Spawn Location: 11:00

VOD

Have the link to the VOD?

Description

Time

  • Played on: Sept. 9, 2019, 5:50 p.m.
  • Length: 22:33
Show
View Real Time Build Order
Export as new Build Order

pHARM Zerg - Winner!

Build Orders: Hatch First 

Get SALT Encoding   

  12  0:01  Drone  
  13  0:12  Overlord  
  13  0:16  Drone  
  14  0:32  Drone x2  
  16  0:50  Hatchery  
  16  0:55  Drone x2  
  17  1:00  Drone  
  18  1:15  Spawning Pool  
  18  1:18  Drone  
  18  1:20  Drone  
  19  1:34  Drone  
  19  1:39  Extractor  
  19  1:41  Drone  
  20  1:51  Overlord  
  20  2:05  Queen x2  
  20  2:06  Zergling x4  
  26  2:12  Drone  
  26  2:13  Drone  
  28  2:22  Overlord  
  28  2:32  Drone  
  29  2:40  Drone  
  29  2:41  Drone  
  31  2:51  Pneumatized Carapace  
  31  2:53  Drone x2  
  33  3:00  Queen, Drone x2  
  37  3:25  Hatchery  
  36  3:29  Drone x8  
  44  3:40  Metabolic Boost  
  44  3:44  Overlord x2, Lair  
  44  3:45  Overlord  
  44  3:50  Extractor  
  44  3:51  Extractor  
  42  4:08  Drone x6  
  42  4:09  Drone  
  49  4:30  Roach Warren  
  48  4:33  Evolution Chamber  
  48  4:35  Evolution Chamber  
  46  4:39  Drone x3  
  49  4:54  Overlord x2  
  49  5:05  Drone x9  
  58  5:07  Overlord  
  58  5:08  Overlord  
  58  5:15  Zerg Ground Armor Level 1, Zerg Melee Weapons Level 1  
  58  5:23  Hydralisk Den  
  58  5:26  Baneling Nest  
  58  5:27  Extractor  
  55  5:29  Drone x6  
  61  5:41  Roach x4  
  61  5:42  Roach x3  
  75  5:45  Drone  
  74  6:11  Drone x10  
  77  6:32  Drone x5  
  82  6:34  Overlord, Extractor  
  82  6:35  Overlord x3  
  81  6:44  Infestation Pit  
  81  6:45  Extractor  
  77  7:00  Spore Crawler  
  77  7:01  Queen x3  
  73  7:02  Spore Crawler  
  73  7:03  Hydralisk x7  
  73  7:04  Hydralisk  
  73  7:06  Spore Crawler  
  90  7:09  Spore Crawler  
  90  7:11  Spore Crawler  
  90  7:13  Spore Crawler  
  86  7:21  Drone x8  
  89  7:32  Zerg Melee Weapons Level 2, Zerg Ground Armor Level 2  
  89  7:46  Spore Crawler x3  
  86  8:02  Drone x5  
  86  8:03  Drone x2  
  86  8:04  Drone  
  94  8:11  Drone x4  
  98  8:15  Grooved Spines  
  98  8:18  Zergling x2  
  98  8:19  Zergling x4  
  101  8:36  Hive  
  101  8:41  Hatchery  
  100  8:55  Nydus Network  
  100  8:59  Hydralisk x7  
  113  9:06  Overlord x3  
  113  9:07  Overlord x4  
  113  9:24  Hydralisk x8  
  113  9:26  Muscular Augments  
  129  9:32  Baneling x6  
  130  9:38  Zergling x2  
  130  9:39  Zergling x2  
  130  9:40  Zergling x4  
  133  9:59  Nydus Canal  
  133  10:07  Zerg Melee Weapons Level 3  
  133  10:08  Zerg Ground Armor Level 3  
  133  10:21  Roach  
  133  10:22  Roach x16  
  167  10:29  Overseer  
  166  11:19  Overlord x8  
  166  11:20  Overlord x8  
  166  11:23  Hydralisk  
  158  11:39  Centrifical Hooks  
  158  11:53  Extractor  
  157  12:11  Hydralisk x9  
  157  12:12  Hydralisk x3  
  181  12:19  Spire  
  180  12:30  Drone x7  
  180  12:31  Drone  
  180  13:08  Roach x3  
  180  13:09  Roach x11  
  176  13:32  Drone  
  176  13:33  Drone x7  
  176  13:34  Lair x2  
  184  13:45  Corruptor x3  
  190  13:52  Drone  
  190  13:53  Drone x2  
  193  14:08  Hatchery  
  192  14:14  Drone x8  
  192  14:16  Zerg Flyer Armor Level 1  
  200  14:40  Neural Parasite  
  200  14:54  Extractor  
  200  14:59  Extractor  
  183  15:43  Corruptor x11  
  183  15:44  Corruptor  
  170  16:00  Roach x12  
  170  16:01  Roach x2  
  158  16:43  Greater Spire  
  158  16:46  Zerg Missile Weapons Level 1  
  158  16:55  Ultralisk Cavern  
  158  16:58  Spine Crawler  
  153  17:07  Hydralisk x11  
  173  17:12  Drone  
  171  17:34  Hatchery  
  170  17:37  Drone x3  
  173  17:45  Hatchery  
  172  17:58  Brood Lord  
  174  18:35  Brood Lord x2  
  174  18:37  Brood Lord  
  180  18:45  Infestor  
  182  18:51  Infestor  
  184  18:55  Drone  
  185  19:18  Zerg Flyer Armor Level 2  
  171  20:08  Roach  
  171  20:09  Roach x11  
  113  21:20  Drone  
  113  21:21  Drone x12  
  113  21:22  Drone  
Show
View Real Time Build Order
Export as new Build Order

HOSTILITY Terran 

Build Orders: Gas First Reaper Expand 

Get SALT Encoding   

  12  0:01  SCV  
  13  0:13  SCV  
  14  0:17  Supply Depot  
  14  0:25  SCV  
  15  0:29  Refinery  
  15  0:39  SCV  
  16  0:44  Barracks  
  16  0:51  SCV  
  17  1:08  SCV  
  18  1:30  Command Center  
  18  1:32  Reaper  
  19  1:35  SCV  
  20  2:00  Refinery  
  20  2:03  Factory, Orbital Command  
  20  2:12  Marine  
  21  2:21  Supply Depot  
  21  2:28  SCV  
  22  2:40  SCV  
  23  3:00  Bunker  
  23  3:02  Orbital Command  
  23  3:11  Barracks Reactor  
  23  3:12  Hellion  
  25  3:15  Starport  
  24  3:27  SCV  
  24  3:31  SCV  
  26  3:35  Engineering Bay  
  26  3:37  Hellion  
  26  3:39  SCV  
  29  3:44  SCV, Supply Depot  
  30  3:51  SCV  
  31  3:58  Viking  
  33  4:07  Supply Depot  
  33  4:08  SCV  
  34  4:12  SCV  
  35  4:23  Missile Turret  
  35  4:28  Fusion Core  
  35  4:31  Supply Depot  
  35  4:47  Starport Tech Lab  
  35  4:49  Hellion x2  
  39  5:05  SCV  
  39  5:07  Refinery  
  40  5:17  SCV  
  40  5:19  Battlecruiser  
  49  5:21  Hellion  
  49  5:29  SCV  
  50  5:35  Supply Depot  
  50  5:37  Hellion  
  50  5:41  SCV  
  50  5:42  Hellion  
  55  5:44  Factory  
  55  5:45  SCV  
  56  5:50  Missile Turret  
  56  5:52  Neosteel Armor  
  56  5:53  SCV  
  57  5:57  SCV  
  57  5:58  Supply Depot  
  58  6:05  SCV  
  58  6:09  SCV  
  57  6:17  SCV  
  56  6:22  Bunker  
  56  6:24  Marine  
  55  6:28  Battlecruiser  
  55  6:31  Factory Tech Lab  
  55  6:32  Command Center  
  61  6:34  Supply Depot  
  61  6:42  Marine  
  62  7:00  Marine  
  63  7:18  Marine  
  64  7:35  Supply Depot  
  64  7:37  Siege Tank  
  67  7:39  Hellion x2  
  71  7:45  Armory  
  71  7:48  SCV, Armory  
  72  7:55  SCV, Missile Turret  
  73  8:00  SCV, Hellion  
  73  8:01  Refinery  
  76  8:07  SCV  
  76  8:09  Siege Tank  
  80  8:13  Hellion  
  80  8:19  SCV  
  83  8:22  Hellion  
  85  8:33  Orbital Command  
  85  8:36  Refinery  
  85  8:47  Battlecruiser  
  91  8:49  Cyclone  
  94  9:05  Factory  
  94  9:12  Missile Turret  
  94  9:17  Missile Turret  
  94  9:19  SCV  
  94  9:21  Cyclone  
  94  9:23  Missile Turret  
  98  9:27  Refinery  
  98  9:28  Missile Turret  
  98  9:32  Infernal Pre-Igniter, SCV  
  98  9:34  SCV  
  98  9:38  Supply Depot  
  100  9:46  SCV  
  100  9:50  Factory  
  101  9:53  Cyclone  
  101  9:58  SCV  
  105  10:10  SCV  
  106  10:22  SCV  
  107  10:30  Missile Turret  
  107  10:35  Missile Turret  
  107  10:36  Factory Tech Lab x2  
  107  10:39  Terran Ship Weapons Level 1  
  107  10:40  Terran Vehicle Weapons Level 1  
  107  10:43  Thor  
  107  10:44  Hellion x2  
  117  10:54  Weapon Refit  
  117  11:06  Hellion x2  
  121  11:41  Supply Depot  
  121  11:57  Hellion x2  
  125  12:02  Hellion x11  
  125  12:03  Supply Depot, Hellion, Battlecruiser  
  125  12:07  Command Center  
  133  12:12  Hellion  
  133  12:25  Cyclone, Hellion, Hellbat  
  133  12:26  Supply Depot  
  140  12:30  Missile Turret  
  140  12:48  Cyclone, Thor  
  140  12:49  Supply Depot  
  149  13:10  Thor  
  149  13:11  Hellbat x2  
  150  13:13  Supply Depot  
  138  13:20  Thor  
  131  13:31  Cyclone  
  131  13:32  Hellbat x2  
  132  13:37  Supply Depot  
  132  13:53  Thor  
  132  13:54  Hellbat x2  
  142  14:03  Thor x2  
  142  14:08  Command Center  
  154  14:13  SCV, Missile Turret  
  154  14:15  Hellbat x2  
  159  14:21  Viking  
  161  14:26  SCV  
  162  14:33  Terran Vehicle Weapons Level 2  
  162  14:34  Terran Ship Weapons Level 2  
  162  14:36  Thor, Hellbat  
  162  14:37  Hellbat  
  162  14:38  SCV  
  173  14:45  Thor  
  173  14:46  Hellbat  
  173  14:47  Refinery  
  173  14:50  SCV  
  182  14:53  Supply Depot  
  182  14:58  Hellbat x2  
  186  15:11  Supply Depot  
  186  15:14  Missile Turret  
  186  15:15  Thor  
  186  15:19  Thor  
  186  15:20  Missile Turret  
  196  15:25  Planetary Fortress  
  194  15:29  Cyclone  
  114  15:58  Cyclone  
  114  16:01  Cyclone  
  114  16:02  Cyclone  
  65  16:26  Battlecruiser  
  65  16:30  Siege Tank  
  65  16:33  Siege Tank  
  65  16:34  Siege Tank  
  64  17:02  Siege Tank  
  64  17:05  Siege Tank  
  64  17:06  Siege Tank  
  73  17:16  Command Center  
  70  17:34  Siege Tank  
  73  17:37  Siege Tank  
  73  17:38  Siege Tank  
  73  17:42  Viking  
  81  18:06  Siege Tank  
  81  18:09  Siege Tank  
  81  18:10  Siege Tank  
  90  18:27  Planetary Fortress  
  88  18:38  Siege Tank  
  91  18:41  Cyclone  
  91  18:42  Cyclone  
  97  18:52  Hellion  
  97  18:53  Refinery  
  99  18:56  Viking  
  101  19:10  Cyclone  
  101  19:13  Cyclone, Orbital Command  
  101  19:15  Cyclone  
  110  19:28  Terran Vehicle And Ship Armor Level 1  
  110  19:32  SCV  
  110  19:36  Refinery  
  111  19:39  Missile Turret  
  111  19:43  Cyclone  
  113  19:58  SCV  
  98  20:10  SCV  
  99  20:22  SCV  
  26  21:09  Viking  
  22  21:12  SCV  
  23  21:21  Barracks  
  23  21:23  Hellion x3  
  23  21:24  SCV, Hellion  
  27  21:36  SCV  
  27  21:39  Viking  
  24  21:44  Siege Tank, Hellion  
  29  21:48  SCV  
  30  22:00  SCV  
  29  22:12  SCV  
Tags
 
Add a new tag
Caveats
  • Supply blocks, unpowered buildings, or Contaminate may cause inaccurate times.
  • Supply counts are checked every 10 seconds.